AoeStats
← Degel

Arena

510225609Analyzed
4v4 RM · 4d ago on Sep 30, 2026· 50m 11s· 8 players
Game mode
Random Map
Map size
Large (8 player)
Population
200
Speed
Normal
Resources
Standard
Victory
Conquest
Starting age
Dark Age
Ending age
Imperial Age
RankedLock teamsTeams togetherTeam positionsShared explorationLock speedFull tech treeHidden civsTurbo modeCheats
Victory
Defeat
🇲🇽 Varangians · Mexico
1334
+10
🇺🇸 Hindustanis · United States
1260
+12
🇲🇽 Persians · Mexico
1216
+14
🇲🇽 Slavs · Mexico
1136
+18
🇵🇪 Lithuanians · Peru
1308
-18
🇨🇴 Slavs · Colombia
1208
-15
🇨🇳 Hindustanis · China
1169
-13
🇵🇪 Koreans · Peru
1025
-8
Yisus Patitas Suaves
6:13 Loom
8:24 Feudal Age
9:03 Double-Bit Axe
14:36 Fletching
23:14 Castle Age
21:03 Horse Collar
23:50 Bodkin Arrow
32:26 Eupseong
肥肥猫
10:51 Feudal Age
14:57 Castle Age
13:11 Double-Bit Axe
13:10 Horse Collar
16:28 Bow Saw
21:37 Heavy Plow
23:48 Wheelbarrow
22:59 Loom
28:22 Imperial Age
26:46 Scale Barding Armor
26:52 Forging
26:35 Gold Mining
26:35 Stone Mining
27:08 Hand Cart
27:35 Ballistics
28:13 Gold Shaft Mining
27:58 Bloodlines
28:08 Grand Trunk Road
28:16 Grand Trunk Road
28:39 Chain Barding Armor
28:55 Iron Casting
28:34 Husbandry
29:27 Stone Shaft Mining
28:39 Heavy Camel Rider
30:01 Plate Barding Armor
30:50 Two-Man Saw
33:15 Blast Furnace
33:20 Chemistry
32:06 Imperial Camel Rider
34:44 Fletching
34:55 Padded Archer Armor
38:13 Bodkin Arrow
38:34 Leather Archer Armor
38:32 Masonry
38:27 Siege Engineers
42:46 Siege Elephant
TEX
11:10 Feudal Age
14:35 Castle Age
13:27 Double-Bit Axe
24:23 Wheelbarrow
26:41 Hand Cart
31:57 Imperial Age
29:27 Gold Mining
29:28 Stone Mining
29:57 Scale Barding Armor
30:23 Forging
30:23 Husbandry
30:34 Bloodlines
31:17 Chain Barding Armor
31:36 Stone Shaft Mining
32:04 Horse Collar
32:03 Elite Leitis
33:04 Conscription
33:55 Plate Barding Armor
34:43 Iron Casting
35:15 Pikeman
36:03 Scale Mail Armor
36:08 Halberdier
37:13 Squires
37:29 Chain Mail Armor
39:42 Chemistry
Stx.Sierritav1
Degel
9:48 Feudal Age
14:25 Castle Age
12:56 Double-Bit Axe
12:52 Horse Collar
15:12 Loom
19:48 Wheelbarrow
19:25 Bow Saw
26:23 Scale Barding Armor
26:59 Town Watch
27:30 Hand Cart
30:12 Chain Barding Armor
33:43 Imperial Age
33:25 Forging
35:13 Heavy Plow
35:04 Gold Mining
35:36 Conscription
34:51 Capped Ram
35:21 Elite Jarl
38:09 Plate Barding Armor
38:22 Husbandry
38:33 Bloodlines
39:14 Iron Casting
41:16 Blast Furnace
39:41 Light Cavalry
40:50 Stone Mining
40:22 Hussar
42:17 Crop Rotation
42:23 Stone Shaft Mining
42:45 Vendel Legacy
44:28 Two-Man Saw
43:29 Scale Mail Armor
43:18 Siege Ram
45:02 Town Patrol
45:19 Chain Mail Armor
47:23 Plate Mail Armor
46:54 Squires
46:39 Arson
47:27 Guilds
[XAAM]_Muffie_Cute
0:28 Loom
10:05 Feudal Age
14:26 Castle Age
15:00 Double-Bit Axe
14:56 Horse Collar
24:46 Wheelbarrow
24:23 Bow Saw
24:21 Heavy Plow
30:00 Imperial Age
27:27 Gold Mining
27:27 Stone Mining
28:30 Scale Barding Armor
28:36 Forging
29:20 Gold Shaft Mining
29:48 Elite War Elephant
31:43 Chain Barding Armor
31:58 Iron Casting
33:05 Plate Barding Armor
35:48 Blast Furnace
39:15 Conscription
43:17 Stone Shaft Mining
45:30 Bloodlines
45:20 Husbandry
48:37 Hand Cart
48:56 Crop Rotation
49:27 Two-Man Saw
Polos-Dev
10:55 Feudal Age
16:02 Castle Age
24:41 Scale Barding Armor
24:47 Forging
25:29 Loom
26:24 Wheelbarrow
26:12 Double-Bit Axe
26:09 Horse Collar
26:23 Gold Mining
26:25 Stone Mining
28:30 Chain Barding Armor
28:29 Bow Saw
28:29 Heavy Plow
28:34 Scale Mail Armor
32:22 Imperial Age
30:54 Fletching
32:51 Iron Casting
33:18 Heavy Scorpion
34:51 Plate Barding Armor
35:21 Blast Furnace
37:16 Pikeman
37:59 Squires
38:26 Chain Mail Armor
Dragón-Malo
11:10 Feudal Age
11:10 Loom
12:13 Loom
15:20 Castle Age
16:15 Horse Collar
19:49 Double-Bit Axe
22:01 Wheelbarrow
21:31 Heavy Plow
22:01 Gold Mining
22:46 Bow Saw
25:07 Coinage
25:33 Stone Mining
28:49 Gold Shaft Mining
29:22 Stone Shaft Mining
31:46 Hand Cart
36:08 Town Watch
37:14 Scale Mail Armor
37:26 Forging
38:47 Chain Mail Armor
40:00 Iron Casting
39:14 Pikeman
39:55 Squires
39:41 Arson
Connection lost

Rejoining the realm…

Still unreachable

The connection could not be restored.

Session expired

The server has moved on; the page needs a fresh start.